[Event "41st Amateur D7"]
[Site "ChessGUI4"]
[Date "2013.07.04"]
[Round "6.1"]
[White "ChessKiss 1.7 64-bit"]
[Black "Carballo 0.8"]
[Result "1-0"]
[BlackElo "2273"]
[ECO "D27"]
[EventDate "2013.??.??"]
[TimeControl "40/1500:40/1500:40/1500"]
[WhiteElo "2214"]

{ i5 Quad } 1.d4 d5 2.Nf3 Nf6 3.c4 dxc4 4.e3 e6 5.Bxc4 c5 6.O-O a6 7.Bd3 Nbd7 8.Qe2 b6 9.Rd1 Bb7
{ [%eval -35,12] [%emt 0:00:37] (Bb7) } 10.Nc3
{ [%eval 46,12] [%emt 0:00:41] (Nbd2) } 10...Qc7
{ [%eval -9,13] [%emt 0:00:36] (Bd6) } 11.Bc2
{ [%eval 35,10] [%emt 0:00:41] (a4) } 11...Bd6
{ [%eval 3,12] [%emt 0:00:35] (Bd6) } 12.dxc5
{ [%eval -4,11] [%emt 0:00:36] (h3) } 12...Bxc5
{ [%eval 18,13] [%emt 0:00:34] (Bxc5) } 13.Bd2
{ [%eval 1,10] [%emt 0: 00:39] (a3) } 13...O-O
{ [%eval 33,12] [%emt 0:00:33] (O-O) } 14.Rac1
{ [%eval 16,11] [%emt 0:00:37] (a3) } 14...Rad8
{ [%eval -4,11] [%emt 0:00:32] (Ne5) } 15.Bd3
{ [%eval 23,11] [%emt 0:00:35] (b4) } 15...Bxf3
{ [%eval 7,13] [%emt 0:00:32] (Bxf3) } 16.gxf3
{ [%eval 20,13] [%emt 0:00:35] (gxf3) } 16...a5
{ [%eval -20,13] [%emt 0:00: 31] (a5) } 17.Bc2
{ [%eval 18,12] [%emt 0:00:34] (Nb5) } 17...Qc6
{ [%eval 8,12] [%emt 0:00:30] (Qb8) } 18.Be1
{ [%eval 34,11] [%emt 0:00:33] (h4) } 18...Ne5
{ [%eval 13,12] [%emt 0:00:29] (Qc7) } 19.Ne4
{ [%eval 37,12] [%emt 0:00:32] (Ne4) } 19...Rxd1
{ [%eval -4,13] [%emt 0:00:29] (Rxd1) } 20.Qxd1
{ [%eval 29,12] [%emt 0:00:31] (Qxd1) } 20...h5
{ [%eval 2,12] [%emt 0:00:28] (Rc8) } 21.Nxf6+
{ [%eval 97,13] [%emt 0:00:30] (Bc3) } 21...gxf6
{ [%eval -29,15] [%emt 0:00:27] (gxf6) } 22.Be4
{ [%eval 88, 14] [%emt 0:00:29] (Be4) } 22...Qc7
{ [%eval -19,15] [%emt 0:00:26] (Qd7) } 23.f4
{ [%eval 131,13] [%emt 0:00:28] (f4) } 23...Ng4
{ [%eval -30,15] [%emt 0:00:26] (Ng4) } 24.Qe2
{ [%eval 127,12] [%emt 0:00:27] (Qe2) } 24...f5
{ [%eval -34,14] [%emt 0:00:25] (f5) } 25.Bg2
{ [%eval 128,12] [%emt 0:00:27] (Bf3) } 25...Rc8
{ [%eval -3,13] [%emt 0: 00:24] (Rc8) } 26.Rc2
{ [%eval 117,10] [%emt 0:00:26] (Bd2) } 26...Nxe3
{ [%eval 44,17] [%emt 0:00:24] (Qd8) } 27.Rxc5
{ [%eval 36,14] [%emt 0:00:25] (Rxc5) } 27...Qxc5
{ [%eval 42,18] [%emt 0:00:23] (Qxc5) } 28.fxe3
{ [%eval 44,14] [%emt 0:00:24] (fxe3) } 28...Qc1
{ [%eval 39,16] [%emt 0:00:23] (Qc1) } 29.Kf1
{ [%eval 0,14] [%emt 0: 00:24] (Kf1) } 29...Rc2
{ [%eval 54,16] [%emt 0:00:22] (Rc2) } 30.Qxh5
{ [%eval 0,15] [%emt 0:00:23] (Qxh5) } 30...Qxe3
{ [%eval 54,16] [%emt 0:00:21] (Qxe3) } 31.Qg5+
{ [%eval 0,15] [%emt 0:00:22] (Qg5) } 31...Kh7
{ [%eval 54,18] [%emt 0:00:21] (Kh7) } 32.Qh5+
{ [%eval 0,16] [%emt 0:00:22] (Qh5) } 32...Kg8
{ [%eval -90,19] [%emt 0:00:20] (Kg8) } 33.Qg5+
{ [%eval 0,16] [%emt 0:00:21] (Qg5) } 33...Kh7
{ [%eval -90,17] [%emt 0:00:20] (Kh7) } 34.Qh5+
{ [%eval 0,16] [%emt 0:00:20] (Qh4) } 34...Kg7
{ [%eval -90, 17] [%emt 0:00:19] (Kg8) } 35.Bc3+
{ [%eval 63,13] [%emt 0:00:20] (Qg5) } 35...f6
{ [%eval -46,17] [%emt 0:00:19] (f6) } 36.Qg5+
{ [%eval 88,15] [%emt 0:00:18] (Qg5) } 36...Kh7
{ [%eval -43,18] [%emt 0:00:18] (Kh7) } 37.Qh4+
{ [%eval 112,16] [%emt 0:00:20] (Qh5) } 37...Kg8
{ [%eval -42,18] [%emt 0:00:18] (Kg8) } 38.Qg3+
{ [%eval 108,16] [%emt 0:00:19] (Qg3) } 38...Qxg3
{ [%eval -60,18] [%emt 0:00:17] (Qxg3) } 39.hxg3
{ [%eval 117,17] [%emt 0:00:18] (hxg3) } 39...Kf7
{ [%eval -65,17] [%emt 0: 00:17] (Kf7) } 40.Bf3
{ [%eval 110,16] [%emt 0:00:18] (Bf3) } 40...b5
{ [%eval -58,17] [%emt 0:00:17] (b5) } 41.Bh5+
{ [%eval 124,19] [%emt 0:01:01] (Bh5) } 41...Kg7
{ [%eval -65,20] [%emt 0:00:54] (Kg7) } 42.Bd1
{ [%eval 118,20] [%emt 0:00:57] (Bd1) } 42...Rc1
{ [%eval -68,22] [%emt 0:00:52] (Rc1) } 43.Ke2
{ [%eval 127,19] [%emt 0:00:56] (Ke2) } 43...b4
{ [%eval -82,21] [%emt 0:00:51] (b4) } 44.Bd4
{ [%eval 126,18] [%emt 0:00:54] (Bd4) } 44...Kf7
{ [%eval -70,19] [%emt 0:00:50] (Rc6) } 45.Kd2
{ [%eval 126,17] [%emt 0:00:55] (a4) } 45...Ra1
{ [%eval -86,18] [%emt 0:00:48] (Rc6) } 46.Bb3
{ [%eval 124,18] [%emt 0:00:51] (Bb3) } 46...a4
{ [%eval -90,21] [%emt 0:00:47] (Rh1) } 47.Bxa4
{ [%eval 123,18] [%emt 0:00:49] (Bxa4) } 47...Rxa2
{ [%eval -90,21] [%emt 0:00:46] (Rxa2) } 48.Bb3
{ [%eval 131,18] [%emt 0:00:48] (Bb3) } 48...Ra8
{ [%eval -90,19] [%emt 0:00:45] (Ra8) } 49.Ke3
{ [%eval 114,17] [%emt 0:00:47] (Bc4) } 49...Rg8
{ [%eval -90,20] [%emt 0:00:44] (Rd8) } 50.Kf2
{ [%eval 110,17] [%emt 0:00:45] (Kf2) } 50...Rd8
{ [%eval -90,21] [%emt 0:00:43] (Rc8) } 51.Be3
{ [%eval 112, 18] [%emt 0:00:40] (Ke3) } 51...Ke7
{ [%eval -87,19] [%emt 0:00:42] (Rc8) } 52.Bc5+
{ [%eval 110,18] [%emt 0:00:43] (Ke2) } 52...Kf7
{ [%eval -80,20] [%emt 0:00:40] (Kf7) } 53.Ke3
{ [%eval 104,17] [%emt 0:00:42] (Be3) } 53...Rc8
{ [%eval -85,19] [%emt 0:00: 39] (Rg8) } 54.Bd4
{ [%eval 108,18] [%emt 0:00:37] (Bd4) } 54...Rc1
{ [%eval -84,18] [%emt 0:00:38] (Rg8) } 55.Ke2
{ [%eval 109,17] [%emt 0:00:43] (Ke2) } 55...Ke7
{ [%eval -90,20] [%emt 0:00:38] (Rc8) } 56.Bd1
{ [%eval 113,17] [%emt 0:00:38] (Kd3) } 56...Rc4
{ [%eval -90,21] [%emt 0:00:37] (Rc8) } 57.Kd3
{ [%eval 110,17] [%emt 0:00:37] (Kd3) } 57...Rc1
{ [%eval -94,20] [%emt 0:00:36] (Rc8) } 58.Bb3
{ [%eval 101, 16] [%emt 0:00:36] (Be2) } 58...Rh1
{ [%eval -90,18] [%emt 0:00:35] (Rc8) } 59.Bc5+
{ [%eval 140,15] [%emt 0:00:35] (Ke2) } 59...Kf7
{ [%eval -81,19] [%emt 0:00:34] (Kd7) } 60.Bc4
{ [%eval 171,17] [%emt 0:00:34] (Ke3) } 60...Rh2
{ [%eval -88,18] [%emt 0:00: 33] (Rh3) } 61.b3
{ [%eval 201,18] [%emt 0:00:33] (g4) } 61...Rg2
{ [%eval -90,22] [%emt 0:00:32] (Rh3) } 62.Bxb4
{ [%eval 219,19] [%emt 0:00:32] (Bxb4) } 62...Rxg3+
{ [%eval -90,20] [%emt 0:00:31] (Rxg3) } 63.Kd4
{ [%eval 196,19] [%emt 0:00:31] (Kd4) } 63...Rg1
{ [%eval -90,19] [%emt 0:00:31] (Rg1) } 64.Bd6
{ [%eval 221,18] [%emt 0:00:30] (Bc5) } 64...Rg8
{ [%eval -90,18] [%emt 0:00:30] (Rg8) } 65.b4
{ [%eval 486, 20] [%emt 0:00:29] (Bc5) } 65...Rd8
{ [%eval -246,20] [%emt 0:00:29] (Rd8) } 66.Kc5
{ [%eval 527,21] [%emt 0:00:31] (Kc5) } 66...Rc8+
{ [%eval -270,21] [%emt 0:00:28] (Rc8) } 67.Kd4
{ [%eval 485,20] [%emt 0:00:27] (Kb5) } 67...Rd8
{ [%eval -234,20] [%emt 0: 00:28] (Rd8) } 68.Kc5
{ [%eval 550,21] [%emt 0:00:27] (Kc5) } 68...Rc8+
{ [%eval -299, 19] [%emt 0:00:27] (Rc8) } 69.Kb5
{ [%eval 565,22] [%emt 0:00:24] (Kb5) } 69...Kg6
{ [%eval -305,18] [%emt 0:00:26] (Kg6) } 70.Bxe6
{ [%eval 565,20] [%emt 0:00:29] (Bxe6) } 70...Re8
{ [%eval -333,18] [%emt 0:00:25] (Re8) } 71.Bd7
{ [%eval 780,20] [%emt 0:00:24] (Bd7) } 71...Ra8
{ [%eval -400,19] [%emt 0:00:25] (Ra8) } 72.Kc5
{ [%eval 782,19] [%emt 0:00:24] (Kc5) } 72...Ra7
{ [%eval -494,17] [%emt 0:00:24] (Ra1) } 73.Be8+
{ [%eval 907,18] [%emt 0:00:23] (Be8) } 73...Kg7
{ [%eval -653,17] [%emt 0:00: 24] (Kh6) } 74.b5
{ [%eval 916,17] [%emt 0:00:22] (b5) } 74...Ra5
{ [%eval -735,17] [%emt 0:00:23] (Ra1) } 75.Kc6
{ [%eval 1003,18] [%emt 0:00:22] (Bd7) } 75...Ra8
{ [%eval -790,17] [%emt 0:00:22] (Ra8) } 1-0

[Event "41st Amateur D7"]
[Site "ChessGUI4"]
[Date "2013.07.04"]
[Round "6.2"]
[White "Shallow 1.0 64-bit"]
[Black "FireFly 2.6.0 64-bit"]
[Result "1-0"]
[BlackElo "2258"]
[ECO "D15"]
[EventDate "2013.??.??"]
[TimeControl "40/1500:40/1500:40/1500"]
[WhiteElo "2200"]

{ i5 Quad } 1.d4 d5 2.c4 c6 3.Nf3 Nf6 4.Nc3 a6 5.Qc2 g6 6.cxd5 cxd5 7.Bg5 Nc6 8.Bxf6 exf6 9.e3 Be6
{ [%eval -64,11] [%emt 0:00:57] (Be6) } 10.Rc1
{ [%eval 20,14] [%emt 0:00:42] (Be2) } 10...Bd6
{ [%eval -41,11] [%emt 0:00:56] (Rc8) } 11.a3
{ [%eval 26,14] [%emt 0:00:42] (Be2) } 11...O-O
{ [%eval -22,11] [%emt 0:00:55] (O-O) } 12.Bd3
{ [%eval 23,13] [%emt 0:00: 42] (Be2) } 12...Rc8
{ [%eval -26,10] [%emt 0:00:55] (Rc8) } 13.O-O
{ [%eval 24,13] [%emt 0:00:42] (O-O) } 13...Re8
{ [%eval -24,10] [%emt 0:00:54] (Bc7) } 14.Qd1
{ [%eval 26,13] [%emt 0:00:42] (Be2) } 14...Qb6
{ [%eval -16,10] [%emt 0:00:53] (Kh8) } 15.Na4
{ [%eval 27,13] [%emt 0:00:42] (b4) } 15...Qc7
{ [%eval 0,11] [%emt 0:00:52] (Qd8) } 16.Qb3
{ [%eval 31,13] [%emt 0:00:42] (Nc3) } 16...b5
{ [%eval -22,11] [%emt 0: 00:52] (b5) } 17.Nc5
{ [%eval 28,14] [%emt 0:00:42] (Nc5) } 17...Na5
{ [%eval -40,11] [%emt 0:00:51] (Qb6) } 18.Qc2
{ [%eval 38,12] [%emt 0:00:42] (Qa2) } 18...Bg4
{ [%eval 0,11] [%emt 0:00:50] (Qd8) } 19.Nxa6
{ [%eval 81,13] [%emt 0:00:42] (Be2) } 19...Qb6
{ [%eval -12,11] [%emt 0:00:41] (Qd8) } 20.Nc5
{ [%eval 85,13] [%emt 0:00: 42] (Nc5) } 20...Qb8
{ [%eval -19,10] [%emt 0:00:40] (Nc4) } 21.h3
{ [%eval 114,13] [%emt 0:00:42] (Be2) } 21...Bxf3
{ [%eval 4,10] [%emt 0:00:40] (Bxf3) } 22.gxf3
{ [%eval 90,14] [%emt 0:00:42] (gxf3) } 22...Red8
{ [%eval -110,10] [%emt 0:00:40] (Bxc5) } 23.b4
{ [%eval 134,14] [%emt 0:00:42] (f4) } 23...Nc4
{ [%eval -126,11] [%emt 0:00:39] (Nc6) } 24.a4
{ [%eval 181,15] [%emt 0:00:42] (Ra1) } 24...bxa4
{ [%eval -107, 11] [%emt 0:00:39] (Bxc5) } 25.Bxc4
{ [%eval 200,14] [%emt 0:00:42] (Bxc4) } 25...dxc4
{ [%eval -130,12] [%emt 0:00:38] (dxc4) } 26.Qxa4
{ [%eval 202,14] [%emt 0:00:42] (Qxa4) } 26...h6
{ [%eval -202,11] [%emt 0:00:30] (Rc7) } 27.Rxc4
{ [%eval 215,13] [%emt 0:00:42] (f4) } 27...Bh2+
{ [%eval -298,11] [%emt 0:00:30] (Qb6) } 28.Kh1
{ [%eval 223,14] [%emt 0:00:42] (Kg2) } 28...Bd6
{ [%eval -292,11] [%emt 0:00:30] (Bd6) } 29.Rfc1
{ [%eval 222,13] [%emt 0:00:42] (Rd1) } 29...Rc7
{ [%eval -296,11] [%emt 0:00: 30] (Bf8) } 30.b5
{ [%eval 224,13] [%emt 0:00:42] (Kg2) } 30...Ra7
{ [%eval -293,11] [%emt 0:00:33] (f5) } 31.Qb3
{ [%eval 241,13] [%emt 0:00:42] (Na6) } 31...Qa8
{ [%eval -330,11] [%emt 0:00:33] (Qa8) } 32.Kg2
{ [%eval 250,14] [%emt 0:00:42] (Kg2) } 32...Ra3
{ [%eval -350,11] [%emt 0:00:30] (Ra3) } 33.Qb4
{ [%eval 257,14] [%emt 0:00:42] (Qb2) } 33...Rb8
{ [%eval -334,10] [%emt 0:00:30] (f5) } 34.b6
{ [%eval 263,13] [%emt 0:00:42] (b6) } 34...Ra6
{ [%eval -384,11] [%emt 0:00:30] (f5) } 35.b7
{ [%eval 325,14] [%emt 0:00:42] (b7) } 35...Qa7
{ [%eval -487,13] [%emt 0:00:30] (Qa7) } 36.Rb1
{ [%eval 351,14] [%emt 0:00:42] (Rb1) } 36...Kg7
{ [%eval -510,13] [%emt 0:00:30] (Ra5) } 37.Nxa6
{ [%eval 474,15] [%emt 0:00:42] (Nxa6) } 37...Bxb4
{ [%eval -560,14] [%emt 0:00:30] (Bxb4) } 38.Nxb8
{ [%eval 476,15] [%emt 0:00:42] (Nxb8) } 38...Qxb7
{ [%eval -574,15] [%emt 0:00:30] (Qxb7) } 39.Rcxb4
{ [%eval 481,15] [%emt 0:00:42] (Rbxb4) } 39...Qd5
{ [%eval -528,14] [%emt 0:00:30] (Qd5) } 40.Rb5
{ [%eval 523,15] [%emt 0:00:42] (Rb5) } 40...Qa2
{ [%eval -548,14] [%emt 0:00:30] (Qa2) } 41.Rb7
{ [%eval 526,14] [%emt 0:00:37] (Rb7) } 1-0

[Event "41st Amateur D7"]
[Site "ChessGUI4"]
[Date "2013.07.04"]
[Round "6.3"]
[White "MadChess 1.2"]
[Black "Tigran 2.3 64-bit"]
[Result "0-1"]
[BlackElo "2289"]
[ECO "C63"]
[EventDate "2013.??.??"]
[TimeControl "40/1500:40/1500:40/1500"]
[WhiteElo "2200"]

{ i5 Quad } 1.e4 e5 2.Nf3 Nc6 3.Bb5 f5 4.d3 fxe4 5.dxe4 Nf6 6.O-O d6 7.Nc3 Be7 8.Bc4 Na5 9.Be2 O-O
{ [%eval -48,13] [%emt 0:00: 42] (O-O) } 10.Nd5
{ [%eval 23,10] [%emt 0:00:29] (b4) } 10...Nc6
{ [%eval -28,12] [%emt 0:00:42] (Nc6) } 11.Qd3
{ [%eval 25,10] [%emt 0:00:29] (Nxf6) } 11...Nxd5
{ [%eval -28,12] [%emt 0:00:36] (Be6) } 12.exd5
{ [%eval 18,10] [%emt 0:00:18] (exd5) } 12...Bf5
{ [%eval -19,14] [%emt 0:00:43] (Bf5) } 13.Qb3
{ [%eval 23,12] [%emt 0:00:29] (Qb3) } 13...Na5
{ [%eval -9,14] [%emt 0:00:43] (Nd4) } 14.Qa4
{ [%eval 14,12] [%emt 0:00:34] (Qe3) } 14...c5
{ [%eval -9,13] [%emt 0:00:35] (b6) } 15.Bd2
{ [%eval 21,12] [%emt 0:00:35] (Be3) } 15...b6
{ [%eval -2,13] [%emt 0:00:43] (b6) } 16.Bxa5
{ [%eval 13,12] [%emt 0:00:47] (Bd3) } 16...bxa5
{ [%eval 38,13] [%emt 0:00:43] (bxa5) } 17.c3
{ [%eval 17,11] [%emt 0:00:15] (Bd3) } 17...Rb8
{ [%eval 41,13] [%emt 0:00:40] (Rb8) } 18.b3
{ [%eval 1,12] [%emt 0:00:35] (b3) } 18...Bf6
{ [%eval 38,13] [%emt 0:00: 44] (Bd7) } 19.Nd2
{ [%eval 27,12] [%emt 0:00:42] (Rac1) } 19...Bd7
{ [%eval 39,13] [%emt 0:00:35] (Bd7) } 20.Qa3
{ [%eval 31,11] [%emt 0:00:28] (Qe4) } 20...Qc7
{ [%eval 40,12] [%emt 0:00:45] (a4) } 21.Ne4
{ [%eval 34,11] [%emt 0:00:52] (h3) } 21...Bh4
{ [%eval 37,13] [%emt 0:00:44] (a4) } 22.f3
{ [%eval 38,11] [%emt 0:00:51] (h3) } 22...Qb6
{ [%eval 51,12] [%emt 0:00:45] (a4) } 23.g3
{ [%eval 35,12] [%emt 0:00: 49] (Qc1) } 23...Be7
{ [%eval 54,13] [%emt 0:00:38] (Be7) } 24.Bc4
{ [%eval 29,11] [%emt 0:00:36] (Bc4) } 24...Rf7
{ [%eval 49,13] [%emt 0:00:46] (a6) } 25.Qc1
{ [%eval 31,10] [%emt 0:00:17] (Qc1) } 25...Rbf8
{ [%eval 49,14] [%emt 0:00:46] (a4) } 26.Qe3
{ [%eval 33,11] [%emt 0:00:27] (Qe3) } 26...a4
{ [%eval 41,14] [%emt 0:00:47] (Bh3) } 27.h4
{ [%eval 34,11] [%emt 0:01:07] (f4) } 27...h6
{ [%eval 45,12] [%emt 0:00:43] (Qb7) } 28.Rab1
{ [%eval 33,11] [%emt 0:01:20] (Rf2) } 28...Kh8
{ [%eval 43,12] [%emt 0:00:41] (Qc7) } 29.Rf2
{ [%eval 33,11] [%emt 0:01:05] (Rf2) } 29...a5
{ [%eval 34,12] [%emt 0: 00:40] (Kg8) } 30.Re1
{ [%eval 30,11] [%emt 0:01:14] (Rbb2) } 30...Qc7
{ [%eval 42,12] [%emt 0:00:49] (Qc7) } 31.Ra1
{ [%eval 27,11] [%emt 0:00:31] (bxa4) } 31...Qb7
{ [%eval 41,13] [%emt 0:00:50] (Kg8) } 32.Qd3
{ [%eval 28,11] [%emt 0:00:39] (Qd3) } 32...Qc8
{ [%eval 41,13] [%emt 0:00:50] (Qa7) } 33.Qe2
{ [%eval 27,11] [%emt 0:01: 07] (Qe3) } 33...Qb8
{ [%eval 42,13] [%emt 0:00:51] (Kg8) } 34.Qf1
{ [%eval 27,12] [%emt 0:01:22] (Qd3) } 34...Qc7
{ [%eval 45,13] [%emt 0:00:52] (Kg8) } 35.Qd1
{ [%eval 27,12] [%emt 0:00:36] (Qd3) } 35...Bf5
{ [%eval 42,12] [%emt 0:00:53] (Qc8) } 36.Qe2
{ [%eval 29,11] [%emt 0:00:21] (Qd3) } 36...Qd7
{ [%eval 36,12] [%emt 0:00:54] (Bd7) } 37.Bb5
{ [%eval 39,12] [%emt 0:00:55] (Bd3) } 37...Qc8
{ [%eval 32,13] [%emt 0: 00:45] (Qc8) } 38.Kg2
{ [%eval 37,12] [%emt 0:00:41] (Bd3) } 38...axb3
{ [%eval 37,13] [%emt 0:00:58] (axb3) } 39.axb3
{ [%eval 38,12] [%emt 0:00:47] (axb3) } 39...Qd8
{ [%eval 36,13] [%emt 0:01:03] (Qc7) } 40.Qe3
{ [%eval 36,10] [%emt 0:00:19] (Qe3) } 40...Qc7
{ [%eval 29,13] [%emt 0:01:10] (Kg8) } 41.Kg1
{ [%eval 36,10] [%emt 0:00: 41] (Kg1) } 41...Qb6
{ [%eval 29,12] [%emt 0:00:34] (Qb6) } 42.c4
{ [%eval 36,11] [%emt 0:00:35] (Bc4) } 42...Qd8
{ [%eval 23,13] [%emt 0:00:34] (Bc8) } 43.Raf1
{ [%eval 34,10] [%emt 0:00:33] (h5) } 43...Qc7
{ [%eval 33,13] [%emt 0:00:34] (Bh3) } 44.Kg2
{ [%eval 34,11] [%emt 0:00:49] (Bc6) } 44...Kg8
{ [%eval 33,11] [%emt 0:00:31] (Qb7) } 45.Qd3
{ [%eval 34,10] [%emt 0:00:28] (Kg1) } 45...Bg6
{ [%eval 46,12] [%emt 0: 00:34] (Kh8) } 46.Bc6
{ [%eval 34,11] [%emt 0:00:42] (Qe3) } 46...Qc8
{ [%eval 49,12] [%emt 0:00:35] (Bf5) } 47.Re1
{ [%eval 36,11] [%emt 0:00:47] (Qe3) } 47...Qd8
{ [%eval 40,11] [%emt 0:00:35] (Qf5) } 48.Qe3
{ [%eval 34,11] [%emt 0:00:27] (Kg1) } 48...Bh5
{ [%eval 48,12] [%emt 0:00:34] (Bf5) } 49.Ref1
{ [%eval 25,12] [%emt 0:01: 10] (Ref1) } 49...Qc8
{ [%eval 9,13] [%emt 0:00:34] (Bg6) } 50.Bb5
{ [%eval 29,12] [%emt 0:01:17] (f4) } 50...Kh8
{ [%eval 44,12] [%emt 0:00:35] (Bg6) } 51.Qd3
{ [%eval 29,12] [%emt 0:01:58] (Bc6) } 51...Bg6
{ [%eval 49,12] [%emt 0:00:35] (Bg6) } 52.Kh2
{ [%eval 29,12] [%emt 0:00:30] (Qe3) } 52...Bh7
{ [%eval 51,12] [%emt 0:00:35] (Bh5) } 53.Ra1
{ [%eval 29,10] [%emt 0:00:28] (Qe2) } 53...Bxh4
{ [%eval 103,12] [%emt 0:00: 31] (Qd8) } 54.Nxd6
{ [%eval -20,12] [%emt 0:00:23] (Qe3) } 54...Bxd3
{ [%eval 108,14] [%emt 0:00:35] (Bxd3) } 55.Nxc8
{ [%eval -12,13] [%emt 0:00:27] (Nxc8) } 55...Bg5
{ [%eval 127,15] [%emt 0:00:35] (Bg5) } 56.Nd6
{ [%eval -32,14] [%emt 0:00:37] (Nd6) } 56...Rf6
{ [%eval 139,15] [%emt 0:00:35] (Rxf3) } 57.Nb7
{ [%eval -17,12] [%emt 0:00:23] (Ne8) } 57...Be3
{ [%eval 204,13] [%emt 0:00:36] (Be3) } 58.Rfa2
{ [%eval -83,12] [%emt 0:00:34] (Rg2) } 58...Rxf3
{ [%eval 182,13] [%emt 0:00:36] (Rxf3) } 59.d6
{ [%eval -123,12] [%emt 0:00:46] (d6) } 59...Be4
{ [%eval 307,12] [%emt 0:00: 36] (Rf2) } 60.Nxa5
{ [%eval -127,12] [%emt 0:00:13] (Nxa5) } 60...R3f5
{ [%eval 516, 14] [%emt 0:00:36] (Bf2) } 61.g4
{ [%eval -420,15] [%emt 0:00:30] (Be8) } 61...Rf2+
{ [%eval 16945,16] [%emt 0:00:36] (Rf2) } 62.Rxf2
{ [%eval 31756,17] [%emt 0:00: 54] (Rxf2) } 62...Rxf2+
{ [%eval 16947,17] [%emt 0:00:31] (Rxf2) } 63.Kg3
{ [%eval 31758,18] [%emt 0:00:36] (Kg3) } 63...Rg2+
{ [%eval 16949,18] [%emt 0:00:37] (Rg2) } 64.Kh3
{ [%eval 31760,18] [%emt 0:00:25] (Kh3) } 64...Bf4
{ [%eval 16951,18] [%emt 0: 00:37] (Bf4) } 65.Rh1
{ [%eval 31762,17] [%emt 0:00:10] (Rh1) } 0-1